 Dungeon Crawl Stone Soup version 0.30-a0-187-gd9c2deaf24 (webtiles) character file.

Game seed: 5634042556992572090

108054 mdonais the Tortoise (level 17, 0/151 (161) HPs)
             Began as a Meteoran Reaver on Oct 1, 2022.
             Was an Initiate of Gozag.
             Slain by a pharaoh ant (3 damage)
             ... on level 1 of the Spider Nest on Oct 4, 2022.
             The game lasted 02:02:02 (11115 turns).

mdonais the Tortoise (Meteoran Reaver)             Turns: 11115, Time: 02:02:03

HP:   0/151 (161)   AC: 33    Str: 31    XL:     17   Next: 59%
MP:   30/34         EV: 11    Int: 19    God:    Gozag
Gold: 1926          SH:  0    Dex: 12    Spells: 15/26 levels left

rFire   + + .      SeeInvis .    L - +7 lajatang "Spider's Peril" {vorpal, Fragile Str+4}
rCold   . . .      Faith    .    (shield currently unavailable)
rNeg    . . .      Spirit   .    d - +9 plate armour "Seatrali" {rF+}
rPois   +          Reflect  .    J - +2 helmet
rElec   .          Harm     .    q - +2 cloak {Will+}
rCorr   .          Rampage  .    K - +1 pair of gloves {infuse}
Will    ++++.                    G - +2 pair of boots of Deiweg {rF+}
Stlth   ..........               r - amulet of regeneration
HPRegen 1.25/turn                o - ring of poison resistance
MPRegen 0.24/turn                p - ring of Sloth {+Blink Will+ MP+9 Str+6}

@: confused, mighty, about to teleport, corroded, gold aura, slowed, glowing,
studying 2 skills, drained, very slow
A: sense surroundings 2, otherworldly, glowing, explore regen, large bone plates
1, clever 1, mutation resistance 2
a: Renounce Religion, Evoke Blink, Potion Petition, Call Merchant, Bribe Branch


You were on level 1 of the Spider Nest.
You worshipped Gozag.
Gozag was most pleased with you.
You visited 5 branches of the dungeon, and saw 24 of its levels.
You also visited: Sewer, Ossuary and Ice Cave.

You collected 9169 gold pieces.
You spent 3112 gold pieces at shops.
You paid 4131 gold pieces to Gozag.

Inventory:

Hand Weapons
 i - a +1 arbalest of freezing
   (You found it in an ice cave)
 L - the +7 lajatang "Spider's Peril" (weapon) {vorpal, Fragile Str+4}
   (You found it on level 5 of the Lair of Beasts)

   It inflicts extra damage upon your enemies.
   Str:       It affects your strength (+4).
   Fragile:   It will be destroyed if unequipped.
 W - a +2 demon whip of venom
   (You took it off Amaemon on level 1 of the Lair of Beasts)
Missiles
 v - 3 javelins (quivered)
 F - 12 curare-tipped darts
 N - 11 poisoned darts
Armour
 b - the +1 chain mail "Faudwef" {rN+ Will+ Str-5 Int+2}
   (You took it off an orc warrior on level 2 of the Orcish Mines)

   Str:       It affects your strength (-5).
   Int:       It affects your intelligence (+2).
   rN:        It protects you from negative energy.
   Will:      It increases your willpower.
 d - the +9 plate armour "Seatrali" (worn) {rF+}
   (You bought it in a shop on level 2 of the Orcish Mines)

   rF:        It protects you from fire.
 q - a +2 cloak of willpower (worn)
   (You took it off Crazy Yiuf on level 5 of the Dungeon)
 G - the +2 pair of boots of Deiweg (worn) {rF+}
   (You bought it in a shop on level 12 of the Dungeon)

   rF:        It protects you from fire.
 J - a +2 helmet (worn)
   (You found it on level 4 of the Lair of Beasts)
 K - a +1 pair of gloves of infusion (worn)
   (You bought it in a shop on level 12 of the Dungeon)
 P - the +3 plate armour of Raurghyse {Fly rPois rN+++ MP-9 Int-2}
   (You bought it in a shop on level 1 of the Lair of Beasts)

   Int:       It affects your intelligence (-2).
   rPois:     It protects you from poison.
   rN:        It renders you almost immune to negative energy.
   MP:        It affects your magic capacity (-9).
   Fly:       It grants you flight.
Jewellery
 a - a +4 ring of slaying
   (You found it on level 8 of the Dungeon)
 g - a ring of resist corrosion
   (You found it on level 7 of the Dungeon)
 j - a ring of fire
   (You found it on level 1 of the Dungeon)
 o - a ring of poison resistance (left hand)
   (You found it in an ice cave)
 p - the ring of Sloth (right hand) {+Blink Will+ MP+9 Str+6}
   (You bought it in a shop on level 12 of the Dungeon)

   [ring of willpower]

   Str:       It affects your strength (+6).
   MP:        It affects your magic capacity (+9).
   +Blink:    It lets you blink.
   Will:      It increases your willpower.
 r - an amulet of regeneration (around neck)
   (You found it on level 2 of the Dungeon)
Wands
 D - a wand of digging (6)
   (You found it on level 11 of the Dungeon)
 E - a wand of light (1)
   (You found it on level 11 of the Dungeon)
 I - a wand of iceblast (23)
   (You took it off Ijyb on level 3 of the Dungeon)
 V - a wand of flame (15)
   (You found it on level 8 of the Dungeon)
 X - a wand of charming (1)
   (You found it on level 8 of the Dungeon)
Scrolls
 c - a scroll of fog
 e - a scroll of amnesia
 f - a scroll of enchant weapon
 n - 4 scrolls of enchant armour
 u - 5 scrolls of immolation
 w - 4 scrolls of fear
 x - 2 scrolls of summoning
 y - a scroll of silence
 B - 6 scrolls of blinking
 M - 2 scrolls of magic mapping
 T - 9 scrolls of teleportation
Potions
 h - a potion of attraction
 k - 5 potions of lignification
 l - 5 potions of flight
 m - 5 potions of mutation
 s - a potion of ambrosia
 z - 6 potions of might
 A - 7 potions of brilliance
 C - 2 potions of resistance
 H - 5 potions of haste
 O - 3 potions of cancellation
 Q - 3 potions of curing
 S - 4 potions of magic
 U - 2 potions of berserk rage {unknown}
Miscellaneous
 t - a lightning rod (4/4)
   (You found it on level 5 of the Lair of Beasts)
 Z - a condenser vane (inert)
   (You found it on level 8 of the Dungeon)


   Skills:
 + Level 17.3 Fighting
 - Level 4.2(8.0) Axes
 - Level 11.6(14.5) Maces & Flails
 - Level 12.4(14.0) Staves
 + Level 17.4 Armour
 - Level 8.0 Dodging
 - Level 11.0 Shields
 - Level 5.0 Spellcasting
 - Level 9.0 Conjurations
 - Level 6.0 Necromancy
 - Level 4.0 Translocations
 + Level 9.1 Evocations


You had 15 spell levels left.
You knew the following spells:

 Your Spells              Type           Power      Damage    Failure   Level
a - Kiss of Death         Conj/Necr      100%       2d13      2%          1
b - Momentum Strike       Conj/Tloc      58%        3d9       6%          2
c - Vampiric Draining     Necr           27%        2d7       14%         3
d - Apportation           Tloc           38%        N/A       11%         1
e - Iskenderun's Mystic   Conj/Tloc      29%        2d7       36%         4

Your spell library contained the following spells:

 Spells                   Type           Power      Damage    Failure   Level
 Necrotise                Necr           100%       1d9       4%          1
 Dazzling Flash           Conj/Hex       42%        N/A       26%         3
 Hailstorm                Conj/Ice       21%        3d6       26%         3
 Dispel Undead            Necr           27%        3d13      43%         4
 Beastly Appendage        Tmut           8%         N/A       50%         1
 Slow                     Hex            16%        N/A       50%         1
 Summon Small Mammal      Summ           16%        N/A       50%         1
 Wereblood                Tmut           4%         N/A       63%         2
 Anguish                  Hex/Necr       8%         N/A       85%         4
 Confusing Touch          Hex            4%         N/A       86%         3
 Spider Form              Tmut/Pois      4%         N/A       86%         3
 Ice Form                 Ice/Tmut       4%         N/A       99%         4
 Olgreb's Toxic Radiance  Pois           4%         N/A       99%         4
 Starburst                Conj/Fire      10%        6d5       100%        6
 Enfeeble                 Hex            2%         N/A       100%        7
 Ozocubu's Refrigeration  Ice            2%         4d7       100%        7
 Ignition                 Fire           2%         3d3       100%        8
 Simulacrum               Ice/Necr       Unusable   N/A       N/A         6

Dungeon Overview and Level Annotations

Branches:
Dungeon (15/15) Zot: 3175 Temple (1/1) D:6 Zot: 439 Lair (5/5) D:9 Zot: 298 Shoals (0/4) Lair:3 Spider (1/4) Lair:3 Zot: 564 Slime (0/5) Lair:4 Orc (2/2) D:10 Zot: 182 Elf (0/3) Orc:2 Vaults (0/5) D:12 D:13 Depths (0/4) D:15 Sewer (visited) Ossuary (visited) IceCv (visited)

Altars:
Ashenzari
Cheibriados
Dithmenos
Elyvilon
Fedhas
Gozag
Hepliaklqana
Kikubaaqudgha
Makhleb
Nemelex Xobeh
Okawaru
Qazlal
Ru
Sif Muna
Trog
Uskayaw
Vehumet
Wu Jian
Xom
Yredelemnul
Zin
The Shining One
Jiyva

Shops:
D:9 :*   D:12 =[*[   D:13 !*   Orc:2 [(=*[   Lair:1 [


Innate Abilities, Weirdness & Mutations

You passively map the area around you.
You are easily found by Zot.
You glow in the dark.
You regain HP and MP as you explore.
You are partially covered in large bone plates. (SH +4)
Your mind is acute. (Int +4, Str/Dex -1)
You are somewhat resistant to both further mutation and mutation removal.


Message History

The culicivora barely misses you.
You miss the culicivora.
The entropy weaver gestures at you while chanting.
The entropic weave corrodes you! The culicivora bites you!
The culicivora draws strength from your injuries!
You take 8 damage, and have 123/160 hp.
You slice the culicivora!!
The culicivora is severely wounded.
The culicivora bites you but does no damage.
You now have 32/34 mp.
You open the culicivora like a pillowcase!!!
You kill the culicivora!
A redback comes into view.
The entropy weaver casts a spell at you.
The entropic weave corrodes you!
Your life force feels restored.
You now have 31/34 mp.
Aiming: Bolt of Light
Press: ? - help, Shift-Dir - straight line, f - entropy weaver
Aim: an entropy weaver (64% to hit)
The bolt of light hits the entropy weaver!!
The entropy weaver is moderately wounded.
The entropy weaver is blinded.
Aiming: Iceblast
Press: ? - help, Shift-Dir - straight line, f/p - entropy weaver
Aim: an entropy weaver (moderately wounded, blind)
The mass of ice explodes!
The iceblast engulfs the entropy weaver!
The entropy weaver is heavily wounded.
The iceblast engulfs the redback!!
The redback is almost dead.
You hear a faint skittering sound.
You hear a skittering sound.
You hear a faint skittering sound. x2
A pharaoh ant comes into view.
The entropy weaver is distracted by your dazzling golden aura.
The redback is distracted by your dazzling golden aura.
A tarantella comes into view.
A torpor snail comes into view.
Being near the torpor snail leaves you feeling lethargic.
A jumping spider comes into view.
A redback comes into view.
Aiming: Iceblast
Press: ? - help, Shift-Dir - straight line, f/p - entropy weaver
Aim: an entropy weaver (heavily wounded, unaware, blind, hasn't noticed you)
The mass of ice explodes!
The iceblast engulfs the entropy weaver!!
The entropy weaver is almost dead.
The entropy weaver is no longer distracted by gold.
The entropy weaver shouts!
The iceblast engulfs the redback!!
You kill the redback!
The jumping spider's many legs skitter faintly.
The pharaoh ant gives a chilling moan.
You hear a faint skittering sound. x2
A wolf spider comes into view.
The jumping spider leaps!
The radroach misses you.
The radroach claws you but does no damage.
A tarantella comes into view.
The wolf spider moves out of view.
You regained 2 hp, and now have 129/161 hp.
You feel very mighty all of a sudden. The jumping spider closely misses you.
The jumping spider bites you but does no damage.
The jumping spider pounces on you. You block the jumping spider's attack.
The radroach bites you!!
The radroach claws you but does no damage.
You block the entropy weaver's attack. The entropy weaver closely misses you.
The entropy weaver hits you but does no damage.
The entropy weaver barely misses you.
You take 20 damage, and have 109/161 hp.
You chop the radroach into pieces!!!
The radroach is severely wounded.
You hear a skittering sound.
The jumping spider pounces on you!
The jumping spider bites you but does no damage.
The radroach bites you. The radroach misses you.
The entropy weaver barely misses you. You block the entropy weaver's attack.
The entropy weaver closely misses you. The entropy weaver barely misses you.
A culicivora comes into view.
The jumping spider pounces on you. You block the jumping spider's attack.
You take 17 damage, and have 92/161 hp.
You now have 32/34 mp.
You strike the helpless entropy weaver from behind!
You slash the entropy weaver!
You kill the entropy weaver!
The pharaoh ant misses you.
A redback comes into view.
A boulder beetle comes into view.
The radroach bites you but does no damage.
The radroach misses you.
A boulder beetle comes into view.
A redback comes into view.
The tarantella closely misses you. The pharaoh ant bites you!!
You feel drained.
The jumping spider pounces on you but does no damage.
The jumping spider bites you but does no damage.
The radroach bites you but does no damage.
The radroach claws you but does no damage.
You block the redback's attack.
The boulder beetle leaps!
The boulder beetle moves out of view.
You take 23 damage, and have 69/156 hp.
You now have 31/34 mp.
You hit the radroach but do no damage.
The radroach is severely wounded.
The tarantella misses you. The pharaoh ant barely misses you.
The jumping spider pounces on you. The jumping spider closely misses you.
The redback bites you.
A culicivora comes into view.
The radroach barely misses you.
The radroach claws you but does no damage.
The boulder beetle curls into a ball and begins rolling!
You block the tarantella's attack.
You take 9 damage, and have 60/156 hp.
You now have 30/34 mp.
As you read the scroll of teleportation, it crumbles to dust.
You feel strangely unstable. The jumping spider barely misses you.
The jumping spider bites you. The pharaoh ant bites you!
* * * LOW HITPOINT WARNING * * *
The redback bites you but does no damage.
You block the tarantella's attack.
A redback comes into view.
A culicivora comes into view.
The jumping spider misses you. The jumping spider barely misses you.
You block the pharaoh ant's attack.
The redback bites you but does no damage.
The radroach bites you.
* * * LOW HITPOINT WARNING * * *
The radroach closely misses you. You block the tarantella's attack.
The jumping spider pounces on you but does no damage.
The jumping spider barely misses you.
You take 21 damage, and have 39/156 hp.
You completely miss the radroach.
The radroach is severely wounded.
The culicivora's many legs skitter faintly.
The redback bites you but does no damage.
The pharaoh ant is distracted by your dazzling golden aura.
The tarantella touches you but does no damage.
The jumping spider pounces on you but does no damage.
You block the jumping spider's attack. The radroach barely misses you.
The radroach claws you!
* * * LOW HITPOINT WARNING * * *
The redback is distracted by your dazzling golden aura.
The pharaoh ant gives a chilling moan.
You take 8 damage, and have 31/156 hp.
You slice the radroach!!
You kill the radroach!
You hear a faint skittering sound. x2
The pharaoh ant is no longer distracted by gold.
The tarantella touches you!
* * * LOW HITPOINT WARNING * * *
You are confused.
The jumping spider pounces on you but does no damage.
The jumping spider bites you but does no damage.
A tarantella comes into view.
The pharaoh ant bites you!!
* * * LOW HITPOINT WARNING * * *
You feel drained.
You die...
Your body crumbles into a pile of gold.

, , , *,,,,,
.......s..$., ,
, ...........
,, *
.......$...
,,.......s.. ,
,
,....ss.s.#####
,
....s.ws.....##
, ,
.....sssB....^#
#..s°$@s.....#
, ,
#!...B.......#
,
##...........#
,
,##........###
, #...>.....##
, , ,,
#(...#..<..#
,#..###....## ,
, ##. ##...# ,,
, , ## #...#


You could see a boulder beetle (rolling), a torpor snail, a wolf spider, 3
culicivoras, a pharaoh ant, a jumping spider, 3 tarantellas and 4 redbacks.

Vanquished Creatures
  Saint Roka (Orc:2)
  Gastronok (Lair:3)
  An orc warlord (Orc:2)
  Nessos (D:12)
  A dire elephant (Lair:5)
  An eleionoma (Lair:3)
  An entropy weaver (Spider:1)
  Fannar (Lair:1)
  3 hydras
  A radroach (Spider:1)
  An ogre mage (Orc:1)
  A merfolk avatar (Lair:5)
  3 centaur warriors
  2 boulder beetles (D:15)
  2 ironbound frosthearts (IceCv)
  7 orc high priests (Orc:2)
  8 two-headed ogres
  8 death yaks
  A deep elf knight (Orc:2)
  3 skeletal warriors (D:14)
  A sea snake (Lair:5)
  Amaemon (Lair:1)
  A pharaoh ant (Lair:3)
  A steelbarb worm (Lair:3)
  A necromancer (D:15)
  2 harpies (Lair:5)
  5 deep elf zephyrmancers
  6 deep elf pyromancers
  2 lindwurms
  2 wolf spiders
  3 orc knights
  18 ugly things
  3 orc sorcerers (Orc:2)
  A faun (shapeshifter) (D:12)
  4 manticores
  7 cyclopes
  An ice statue (IceCv)
  23 elephants
  4 black mambas
  An orange demon (Lair:1)
  4 molten gargoyles (D:15)
  2 gargoyles (D:12)
  2 torpor snails
  7 cane toads
  An unseen horror (D:11)
  Psyche (D:8)
  8 komodo dragons
  2 centaur skeletons (D:15)
  5 rime drakes
  2 efreet
  A queen bee (shapeshifter) (D:8)
  6 trolls
  11 polar bears
  2 tarantellas
  4 slime creatures (D:14)
  3 wind drakes
  2 hornets
  8 blink frogs
  2 jumping spiders (Lair:3)
  Sigmund (D:4)
  2 wraiths
  A shadow (D:11)
  A centaur simulacrum (D:15)
  A vampire (D:10)
  3 culicivoras
  3 wyverns
  15 humans
  70 yaks
  2 steam dragons
  A basilisk (Lair:2)
  Grum (D:9)
  5 redbacks
  5 vampire mosquitoes
  An acid dragon (D:12)
  4 wargs
  8 water moccasins
  2 black bears
  A black bear (shapeshifter) (D:8)
  28 orc warriors
  2 ice beasts
  A sky beast (D:8)
  10 ogres
  31 wolves
  9 centaurs
  2 kobold brigands
  10 bullfrogs
  2 gnoll sergeants (D:10)
  4 elf skeletons (D:8)
  2 scorpions
  3 water moccasin zombies (Ossuary)
  2 wights (D:8)
  15 killer bees
  A howler monkey (D:8)
  2 electric eels (Lair:4)
  2 lava snakes
  2 quasits (D:6)
  3 hounds (D:6)
  3 jellies
  12 orc priests
  Crazy Yiuf (D:5)
  An iguana (D:5)
  Ijyb (D:3)
  17 orc wizards
  6 hell rats
  2 mummies (Ossuary)
  Robin (D:2)
  15 gnolls
  4 river rats
  5 adders
  5 white imps (D:6)
  2 ufetubi (D:6)
  2 adder zombies (Ossuary)
  A worm (D:2)
  4 dart slugs
  58 orcs
  7 bats
  4 endoplasms (D:1)
  2 giant cockroaches
  A gnoll zombie (Ossuary)
  12 goblins
  7 hobgoblins
  3 quokkas
  5 ball pythons
  3 frilled lizards
  5 hobgoblin zombies (Ossuary)
  12 kobolds
  6 kobold zombies (Ossuary)
  2 orc skeletons (D:8)
  4 orc zombies (Ossuary)
  16 rats
695 creatures vanquished.

Vanquished Creatures (collateral kills)
  An orc knight (Orc:2)
  An orc sorcerer (Orc:2)
  An orc warrior (Orc:2)
3 creatures vanquished.

Vanquished Creatures (others)
  An orc warlord (Orc:2)
  A centaur warrior (D:8)
  A black bear (D:8)
  A sky beast (D:8)
  An orc warrior (Orc:2)
  A howler monkey (D:8)
  A gnoll (D:5)
  An adder (D:3)
  A bush (D:11)
  2 demonic plants (D:6)
  31 fungi
  55 plants
97 creatures vanquished.

Grand Total: 795 creatures vanquished

Notes
Turn   | Place    | Note
-------+----------+-------------------------------------------
     0 | D:1      | mdonais the Meteoran Reaver began the quest for the Orb.
     0 | D:1      | Reached XP level 1. HP: 17/17 MP: 5/5
    39 | D:1      | Reached XP level 2. HP: 18/25 MP: 6/6
    95 | D:1      | Learned a level 2 spell: Momentum Strike
   197 | D:1      | Reached XP level 3. HP: 30/30 MP: 8/8
   212 | D:1      | Reached skill level 1 in Necromancy
   281 | D:1      | Reached skill level 1 in Armour
   381 | D:2      | Reached XP level 4. HP: 30/37 MP: 9/9
   440 | D:2      | Identified the +4 flail of Luvab {flame, rN++ Will-}
   446 | D:2      | Noticed Robin
   453 | D:2      | Killed Robin
   454 | D:2      | Reached skill level 1 in Translocations
   512 | D:3      | Gained mutation: You are weak. (Str -2) [potion of
                  | mutation]
   512 | D:3      | Gained mutation: You passively map the area around you.
                  | [potion of mutation]
   512 | D:3      | Gained mutation: You passively dampen the noise of your
                  | surroundings. [potion of mutation]
   525 | D:3      | Reached skill level 1 in Maces & Flails
   525 | D:3      | Reached XP level 5. HP: 28/41 MP: 5/10
   574 | D:3      | Noticed Ijyb
   583 | D:3      | Killed Ijyb
   783 | D:4      | Noticed Sigmund
   829 | D:4      | Killed Sigmund
   830 | D:4      | Reached XP level 6. HP: 31/49 MP: 8/11
   855 | D:4      | Noticed an ogre
   859 | D:4      | Killed an ogre
   962 | D:4      | Reached XP level 7. HP: 50/60 MP: 12/12
   979 | D:4      | Found a glowing drain.
   995 | Sewer    | Entered a sewer
  1162 | D:5      | Entered Level 5 of the Dungeon
  1363 | D:5      | Found a runed translucent door.
  1364 | D:5      | Noticed Crazy Yiuf
  1374 | D:5      | Killed Crazy Yiuf
  1375 | D:5      | Reached skill level 5 in Fighting
  1416 | D:5      | Identified the +6 hammer "Butemaoj" {vorpal, rElec Int+3
                  | Dex+6}
  1551 | D:5      | Noticed a water moccasin
  1557 | D:5      | Killed a water moccasin
  1564 | D:5      | Reached skill level 5 in Maces & Flails
  1564 | D:5      | Reached XP level 8. HP: 63/66 MP: 11/13
  1777 | D:6      | Found an iron altar of Okawaru.
  1831 | D:6      | Reached skill level 1 in Evocations
  1860 | D:6      | Found a staircase to the Ecumenical Temple.
  1876 | Temple   | Entered the Ecumenical Temple
  1965 | Temple   | Became a worshipper of Gozag Ym Sagoz the Greedy
  2220 | D:7      | Mutation became permanent: You passively map a small area
                  | around you. [Meteoran growth]
  2220 | D:7      | Gained mutation: You passively map the area around you.
                  | [Meteoran growth]
  2220 | D:7      | Reached XP level 9. HP: 76/78 MP: 14/14
  2237 | D:7      | Reached skill level 5 in Armour
  2237 | D:7      | Reached skill level 5 in Conjurations
  2383 | D:7      | Reached skill level 5 in Dodging
  2441 | D:7      | Learned a level 3 spell: Vampiric Draining
  2633 | D:8      | Found a sand-covered staircase.
  2646 | Ossuary  | Entered an ossuary
  2763 | Ossuary  | Reached XP level 10. HP: 88/88 MP: 16/16
  2901 | D:8      | Noticed a red ugly thing
  2902 | D:8      | Noticed a centaur warrior
  2902 | D:8      | Noticed an efreet
  2902 | D:8      | Noticed a manticore
  2909 | D:8      | Noticed a green ugly thing
  2911 | D:8      | Killed an efreet
  2911 | D:8      | Killed a centaur warrior
  2917 | D:8      | Killed a green ugly thing
  2918 | D:8      | Reached skill level 5 in Necromancy
  2943 | D:8      | Killed a red ugly thing
  2944 | D:8      | Reached skill level 10 in Fighting
  2950 | D:8      | Killed a manticore
  2983 | D:8      | Noticed Psyche
  2989 | D:8      | Killed Psyche
  3027 | D:8      | Noticed a cyclops
  3031 | D:8      | Killed a cyclops
  3032 | D:8      | Reached XP level 11. HP: 65/96 MP: 13/19
  3140 | D:8      | Reached skill level 5 in Spellcasting
  3331 | D:8      | Noticed a centaur warrior
  3341 | D:8      | Killed a centaur warrior
  3467 | D:8      | Reached skill level 5 in Evocations
  3527 | D:9      | Noticed Grum
  3541 | D:9      | Killed Grum
  3615 | D:9      | Found a radiant altar of Vehumet.
  3615 | D:9      | Found a broken altar of Ashenzari.
  3622 | D:9      | Found an ornate altar of the Wu Jian Council.
  3624 | D:9      | Found a glowing silver altar of Zin.
  3625 | D:9      | Found a shimmering altar of Xom.
  3662 | D:10     | Entered Level 10 of the Dungeon
  3695 | D:10     | Found a staircase to the Orcish Mines.
  3730 | D:10     | Noticed a two-headed ogre
  3735 | D:10     | Killed a two-headed ogre
  4012 | D:9      | Found a staircase to the Lair.
  4053 | D:9      | Found Varinofa's Tremendous Tomes.
  4090 | D:9      | Noticed a two-headed ogre
  4096 | D:9      | Killed a two-headed ogre
  4097 | D:9      | Reached XP level 12. HP: 65/103 MP: 16/20
  4156 | Lair:1   | Entered Level 1 of the Lair of Beasts
  4197 | Lair:1   | Bought the +3 plate armour of Raurghyse {Fly rPois rN+++
                  | MP-9 Int-2} for 688 gold pieces
  4212 | Lair:1   | Noticed Amaemon
  4221 | Lair:1   | Killed Amaemon
  4313 | Lair:1   | Noticed Fannar
  4336 | Lair:1   | Killed Fannar
  4444 | Lair:2   | Reached skill level 10 in Armour
  4451 | Lair:2   | Reached skill level 10 in Maces & Flails
  4581 | Lair:2   | Reached XP level 13. HP: 111/118 MP: 12/21
  4717 | Lair:3   | Noticed Rupert
  4719 | Lair:3   | Rupert changed into Rupert the eleionoma
  4719 | Lair:3   | Noticed Rupert
  4730 | Lair:3   | Killed Rupert the eleionoma
  4783 | Lair:3   | Found a staircase to the Shoals.
  4918 | Lair:4   | Identified the +0 war axe of Kiodol {vorpal, Fly Will+}
  4949 | Lair:4   | Found a staircase to the Slime Pits.
  4949 | Lair:4   | Found a viscous altar of Jiyva.
  5009 | Lair:4   | Reached skill level 1 in Shields
  5257 | Lair:4   | Reached skill level 5 in Shields
  5445 | Lair:5   | Entered Level 5 of the Lair of Beasts
  5479 | Lair:5   | Noticed a four-headed hydra
  5489 | Lair:5   | Killed a four-headed hydra
  5505 | Lair:5   | Noticed a death yak
  5510 | Lair:5   | Noticed an eight-headed hydra
  5526 | Lair:5   | Killed an eight-headed hydra
  5531 | Lair:5   | Noticed a death yak
  5533 | Lair:5   | Noticed a death yak
  5534 | Lair:5   | Noticed a death yak
  5534 | Lair:5   | Noticed a death yak
  5537 | Lair:5   | Noticed a death yak
  5538 | Lair:5   | Killed a death yak
  5558 | Lair:5   | Reached XP level 14. HP: 94/127 MP: 13/22
  5769 | Lair:5   | Identified a scroll of acquirement
  5901 | Lair:5   | Reached skill level 10 in Shields
  5939 | Lair:5   | Acquired 1225 gold pieces
  6150 | Lair:5   | Noticed a dire elephant
  6170 | Lair:5   | Killed a dire elephant
  6252 | Lair:5   | Identified the +7 lajatang "Spider's Peril" {vorpal,
                  | Fragile Str+4}
  6466 | Lair:5   | Reached skill level 15 in Fighting
  6482 | Lair:5   | Reached XP level 15. HP: 111/141 MP: 14/23
  6492 | Lair:5   | Identified the +11 trident of Bankruptcy {venom, Str+2}
  6963 | D:9      | Found Exaro's General Store.
  7117 | D:10     | Learned a level 1 spell: Apportation
  7122 | D:10     | Learned a level 4 spell: Iskenderun's Mystic Blast
  7178 | Orc:1    | Entered Level 1 of the Orcish Mines
  7448 | Orc:2    | Entered Level 2 of the Orcish Mines
  7448 | Orc:2    | Noticed an orc warlord
  7448 | Orc:2    | Found Uvock's Jewellery Emporium.
  7468 | Orc:2    | Reached skill level 15 in Armour
  7468 | Orc:2    | Reached skill level 1 in Staves
  7541 | Orc:2    | Found a frozen archway.
  7571 | IceCv    | Entered an ice cave
  7594 | IceCv    | Reached skill level 5 in Staves
  8242 | Orc:2    | Identified the +1 chain mail "Faudwef" {rN+ Will+ Str-5
                  | Int+2}
  8262 | Orc:2    | HP: 6/141 [something/lance of force (20)]
  8265 | Orc:2    | Found Qom Kaug's Antique Armour Shoppe.
  8278 | Orc:2    | Reached XP level 16. HP: 71/149 MP: 15/24
  8321 | Orc:2    | Bought a heavily runed plate armour for 784 gold pieces
  8321 | Orc:2    | Identified the +9 plate armour "Seatrali" {rF+} (You bought
                  | it in a shop on level 2 of the Orcish Mines)
  8330 | Orc:2    | Noticed Saint Roka
  8374 | Orc:2    | Killed Saint Roka
  8403 | Orc:2    | Lost mutation: You are weak. (Str -2) [potion of mutation]
  8403 | Orc:2    | Lost mutation: You passively dampen the noise of your
                  | surroundings. [potion of mutation]
  8403 | Orc:2    | Gained mutation: Your mind is acute. (Int +4, Str/Dex -1)
                  | [potion of mutation]
  8403 | Orc:2    | Gained mutation: You are somewhat resistant to further
                  | mutation. [potion of mutation]
  8403 | Orc:2    | Gained mutation: You are somewhat resistant to both further
                  | mutation and mutation removal. [potion of mutation]
  8403 | Orc:2    | Gained mutation: You are partially covered in large bone
                  | plates. (SH +4) [potion of mutation]
  8539 | Orc:2    | Found Funix's Antique Weapon Emporium.
  8568 | Orc:2    | Found Bypiaf's General Store.
  8573 | Orc:2    | Found a staircase to the Elven Halls.
  8625 | Orc:2    | Found Qezeshron's Antique Armour Shoppe.
  9324 | D:11     | Identified the +1 buckler of Meeph {*Slow Int+6}
  9539 | D:12     | Bought a pair of jewelled boots for 199 gold pieces
  9539 | D:12     | Identified the +2 pair of boots of Deiweg {rF+} (You bought
                  | it in a shop on level 12 of the Dungeon)
  9539 | D:12     | Bought a pair of embroidered gloves for 157 gold pieces
  9593 | D:12     | Bought the ring of Sloth {+Blink Will+ MP+9 Str+6} for 1057
                  | gold pieces
  9604 | D:13     | Noticed Nessos
  9604 | D:13     | Found a gate to the Vaults.
  9728 | D:12     | Killed Nessos
 10069 | D:15     | Entered Level 15 of the Dungeon
 10212 | D:15     | Reached skill level 10 in Staves
 10249 | D:15     | Found a staircase to the Depths.
 10362 | D:15     | Reached XP level 17. HP: 160/160 MP: 25/25
 10655 | D:13     | Found a sacrificial altar of Ru.
 10683 | D:13     | Found Foarchay's General Store.
 10689 | D:13     | Bought a scroll of enchant weapon for 97 gold pieces
 10741 | D:13     | Found Gaih's Distillery.
 10750 | D:13     | Bought a potion of haste for 130 gold pieces
 10750 | D:13     | Upgraded the game from 0.30-a0-170-g85af917532 to
                  | 0.30-a0-187-gd9c2deaf24
 10900 | Lair:3   | Noticed Gastronok
 10920 | Lair:3   | Killed Gastronok
 10996 | Lair:3   | Found a hole to the Spider Nest.
 11035 | Spider:1 | Entered Level 1 of the Spider Nest
 11115 | Spider:1 | HP: 3/156 [pharaoh ant (19)]
 11115 | Spider:1 | Slain by a pharaoh ant

Illustrated notes

Levels and vault maps discovered:
D:1:      scummos_arrival_forest, layout_basic, minmay_tromino_i2
D:2:      layout_loops_ring, basic_altar, uniq_robin
D:3:      layout_rooms, serial_bayou, serial_bayou_lake_a, serial_bayou_pond_b,
          serial_bayou_pond_e, serial_bayou_crossing, serial_park_tiny_1,
          hangedman_feature_mirror, chequers_mini_garden, minmay_pentomino_pile,
          uniq_terence, uniq_ijyb
D:4:      layout_loops_ring, portal_sewer_entry_b, uniq_sigmund
D:5:      layout_gridville, uniq_crazy_yiuf_cottage
D:6:      layout_cave_pools, lemuel_tele_altar, minmay_temple_entry_grid,
          serial_demonic, serial_demonic_b, serial_demonic_b, serial_demonic_f,
          serial_demonic_c, serial_demonic_g, serial_demonic_c
D:7:      layout_loops_ring, uniq_joseph
D:8:      minmay_the_grid_octo_tiled_octocenter [minmay_the_grid_octo_77,
          minmay_the_grid_octo_teeth, minmay_the_grid_octo_fat_diamond,
          minmay_the_grid_octo_checkerflower, minmay_the_grid_octo_prize_big_c,
          minmay_the_grid_square_5x5_plus, minmay_the_grid_square_5x5_corner,
          minmay_the_grid_square_5x5_doubleslash,
          minmay_the_grid_square_5x5_inner_z], layout_gridville,
          nicolae_ossuary_entry_catacombs, uniq_psyche
D:9:      layout_roguey, chequers_temple_overflow_minitemple, lair_entry_dummy,
          serial_shops, shop, serial_curves, eino_curves_01, eino_curves_03,
          nicolae_shop_i_like_big_books, uniq_grum
D:10:     layout_layer_cave, orc_0_dummy
D:11:     layout_basic, hangedman_abyss_or_decor_clamps,
          chequers_serial_rivers_small_b, kb_lookout_dungeons_type
D:12:     layout_loops_corners
D:13:     layout_loops_corners, david_vaults_3, serial_shops,
          nicolae_shop_statue_plus, shop, shop, nicolae_ru_path_of_blood
D:14:     layout_rooms, nemelex_spade_bored_becter
D:15:     grunt_enter_depths_magical_seal, layout_basic, special_room
          [special_room_mythical_zoo], nicolae_kite_square_tiling_tiny,
          minivault_8
Temple:   minmay_temple_bridge_d
Lair:1:   layout_cave_pods, uniq_amaemon, uniq_fannar
Lair:2:   layout_gridlike, st_stairs_6, grunt_megastairs_2
Lair:3:   layout_gridlike, minmay_shoals_entry_beasts,
          spider_nest_entry_funnel_web, grunt_megastairs_4, uniq_rupert,
          uniq_gastronok
Lair:4:   layout_regular_city, slime_entry_1, nicolae_quartered_pool_super,
          infiniplex_staircase_pool, serial_bayou_shore_a
Lair:5:   gammafunk_lair_ancient_temple, layout_layer_cave, columned_hall_lemuel
Spider:1: gammafunk_boulding_lane
Orc:1:    layout_caves, mines_bat_river
Orc:2:    grunt_orc_gardens, layout_caves, grunt_orc_garden, grunt_orc_garden,
          grunt_orc_garden, grunt_orc_garden, portal_ice_cave_entry_pillars_1,
          serial_shops, shop, nicolae_volcano_entry_vermiform, elf_legates,
          uniq_saint_roka

Skill      XL: |  1  2  3  4  5  6  7  8  9 10 11 12 13 14 15 16 17 |
---------------+----------------------------------------------------+-----
Axes           | 4 |  4.2
Necromancy     | 1 4 5 6 |  6.0
Armour         | 1 2 3 4 5 8 10 11 13 15 17 | 17.4
Fighting       | 3 4 5 6 8 10 11 12 15 16 17 | 17.3
Translocations | 1 2 4 |  4.0
Maces & Flails | 1 3 5 6 7 10 11 | 11.6
Conjurations   | 4 5 8 9 |  9.0
Spellcasting   | 3 4 5 |  5.0
Evocations     | 2 3 5 7 8 9 |  9.1
Dodging        | 3 5 7 8 |  8.0
Shields        | 9 11 | 11.0
Staves         | 5 11 12 | 12.4

Action                   |  1- 3 |  4- 6 |  7- 9 | 10-12 | 13-15 | 16-18 || total
-------------------------+-------+-------+-------+-------+-------+-------++-------
Melee: Hand axe          |    80 |    10 |       |       |       |       ||    90
       Punch             |     1 |       |     6 |     7 |     3 |       ||    17
       Flail             |       |    88 |    62 |       |       |       ||   150
       Morningstar       |       |     5 |       |       |       |       ||     5
       Mace              |       |       |   245 |   228 |       |       ||   473
       Demon whip        |       |       |       |   127 |  1114 |   352 ||  1593
       Lajatang          |       |       |       |       |       |   303 ||   303
Throw: Dart              |       |       |       |       |    16 |     1 ||    17
       Javelin           |       |       |       |       |       |     4 ||     4
 Cast: Momentum Strike   |       |     5 |     6 |    11 |       |     1 ||    23
       Kiss of Death     |       |     3 |     3 |     6 |       |     1 ||    13
       Vampiric Draining |       |       |       |    11 |     2 |       ||    13
Invok: Potion Petition   |       |       |       |     1 |       |       ||     1
       Call Merchant     |       |       |       |     1 |       |     4 ||     5
Evoke: Wand              |       |     1 |       |     3 |     3 |     4 ||    11
       Condenser vane    |       |       |       |     1 |       |     2 ||     3
       Lightning rod     |       |       |       |       |       |     6 ||     6
  Use: Potion            |       |     3 |     2 |     5 |     3 |     4 ||    17
       Scroll            |       |       |     8 |     9 |    15 |     3 ||    35
 Stab: Distracted        |       |       |     1 |     4 |    10 |     7 ||    22
       Confused          |       |       |       |       |       |     1 ||     1
       Invisible         |       |       |       |       |       |     1 ||     1
Armor: Leather armour    |     9 |       |       |       |       |       ||     9
       Ring mail         |    22 |    55 |   172 |   113 |       |       ||   362
       Skin              |       |       |     3 |       |       |       ||     3
       Plate armour      |       |       |       |    96 |   456 |   438 ||   990
Dodge: Dodged            |    34 |    61 |   186 |   176 |   200 |   201 ||   858
Block: Kite shield       |       |       |       |       |   373 |   182 ||   555
       Other             |       |       |       |       |       |    55 ||    55

Table legend: (Time is in decaauts)
 A = Elapsed time spent in this place.
 B = Non-inter-level travel time spent in this place.
 C = Inter-level travel time spent in this place.
 D = Time resting spent in this place.
 E = Time spent auto-exploring this place.
 F = Levels seen in this place.
 G = Mean time per level.
                   A        B        C        D        E       F      G
               +--------+--------+--------+--------+--------+-----+--------+
         Total |  10516 |  10108 |    408 |     46 |     34 |  27 |  389.5 |
       Dungeon |   5824 |   5721 |    103 |     34 |      0 |  15 |  388.3 |
        Temple |    160 |     63 |     97 |      0 |     34 |   1 |  160.0 |
          Lair |   2701 |   2509 |    192 |      0 |      0 |   5 |  540.2 |
   Spider Nest |     34 |     34 |      0 |      0 |      0 |   1 |   34.0 |
  Orcish Mines |   1017 |   1001 |     16 |      0 |      0 |   2 |  508.5 |
         Sewer |    107 |    107 |      0 |     12 |      0 |   1 |  107.0 |
       Ossuary |    178 |    178 |      0 |      0 |      0 |   1 |  178.0 |
      Ice Cave |    491 |    491 |      0 |      0 |      0 |   1 |  491.0 |
               +--------+--------+--------+--------+--------+-----+--------+

Top non-repeatable levels by time:
  Lair:5: 1073 daAuts
     D:8: 845 daAuts
   Orc:2: 697 daAuts
    D:10: 618 daAuts
   IceCv: 491 daAuts
  Lair:3: 484 daAuts
     D:5: 484 daAuts
  Lair:4: 447 daAuts
     D:7: 445 daAuts
    D:15: 417 daAuts
  Lair:2: 402 daAuts
     D:9: 402 daAuts
    D:12: 351 daAuts
     D:4: 342 daAuts
     D:1: 342 daAuts
